 Dungeon Crawl Stone Soup version 0.29.1-13-g9f3cf754e1 (webtiles) character file.

Game seed: 10665643708295657869

270 theswoord the Twirler (level 6, -6/44 HPs)
             Began as a Demonspawn Gladiator on Jan 22, 2023.
             Was an Initiate of Qazlal.
             Mangled by a wyvern skeleton (11 damage)
             ... on level 3 of the Dungeon.
             The game lasted 00:06:05 (3199 turns).

theswoord the Twirler (Demonspawn Gladiator)        Turns: 3199, Time: 00:06:06

Health: -6/44      AC:  9    Str: 16    XL:     6   Next: 1%
Magic:  6/6        EV:  7    Int: 10    God:    Qazlal [......]
Gold:   146        SH:  0    Dex: 14    Spells: 5/5 levels left

rFire   . . .      SeeInvis .   a - +0 quarterstaff
rCold   . . .      Faith    .   (shield currently unavailable)
rNeg    . . .      Spirit   .   g - +0 chain mail
rPois   .          Reflect  .   h - +1 hat
rElec   .          Harm     .   (no cloak)
rCorr   .          Rampage  .   (no gloves)
Will    .....                   (no boots)
Stlth   ..........              (no amulet)
HPRegen 0.14/turn               (no ring)
MPRegen 0.10/turn               (no ring)

@: no status effects
A: antennae 1, hooves 1, demonic touch 1
a: Renounce Religion


You were on level 3 of the Dungeon.
You worshipped Qazlal.
Qazlal was noncommittal.
You visited 1 branch of the dungeon, and saw 3 of its levels.

You collected 146 gold pieces.

Inventory:

Hand Weapons
 a - a +0 quarterstaff (weapon)
Missiles
 d - 3 throwing nets (quivered)
 e - a javelin
Armour
 b - a +0 leather armour
 c - a +0 helmet
 g - a +0 chain mail (worn)
 h - a +1 hat (worn)
Jewellery
 p - an amulet of magic regeneration
Wands
 u - a wand of roots (9)
Scrolls
 f - a scroll of enchant weapon {unknown}
 j - 2 scrolls of poison {unknown}
 k - 6 scrolls of identify {unknown}
 l - a scroll of immolation {unknown}
 m - 4 scrolls of teleportation {unknown}
 n - a scroll of summoning {unknown}
 o - a scroll of blinking {unknown}
 r - 2 scrolls of magic mapping {unknown}
 s - a scroll of noise {unknown}
 v - a scroll of butterflies {unknown}
Potions
 i - a potion of lignification
 q - a potion of might {unknown}


   Skills:
 - Level 2.0 Fighting
 + Level 6.2 Staves
 - Level 1.7 Throwing
 - Level 2.6 Dodging


You had 5 spell levels left.
You didn't know any spells.
Your spell library was empty.

Dungeon Overview and Level Annotations

Branches:
Dungeon (3/15)

Altars:
Qazlal
Vehumet


Innate Abilities, Weirdness & Mutations

You have a pair of small antennae on your head.
You have large cloven feet.
Your touch may inflict minor irresistible damage on your foes.


Message History

The centaur zombie kicks you but does no damage.
The wyvern skeleton barely misses you.
The howler monkey zombie closely misses you.
The centaur zombie hits you but does no damage.
The centaur zombie kicks you but does no damage.
The wyvern skeleton bites you.
There is a stone staircase leading up, spattered with blood here.
You sock the centaur zombie! You kick the centaur zombie.
The centaur zombie is severely damaged.
The centaur zombie hits you.
The centaur zombie kicks you but does no damage.
The wyvern skeleton bites you! The howler monkey zombie hits you.
Unknown command.
You completely miss the centaur zombie.
The centaur zombie is severely damaged.
The centaur zombie closely misses you.
The centaur zombie kicks you but does no damage.
The wyvern skeleton bites you but does no damage.
The howler monkey zombie hits you.
* * * LOW HITPOINT WARNING * * *
You hit the centaur zombie.
You kick the centaur zombie, but do no damage.
The centaur zombie is almost destroyed.
The centaur zombie hits you but does no damage.
The centaur zombie kicks you.
* * * LOW HITPOINT WARNING * * *
The wyvern skeleton bites you.
* * * LOW HITPOINT WARNING * * *
The howler monkey zombie hits you but does no damage.
The centaur zombie hits you.
* * * LOW HITPOINT WARNING * * *
The centaur zombie closely misses you. The wyvern skeleton bites you.
* * * LOW HITPOINT WARNING * * *
There are no items here.
The centaur zombie hits you.
* * * LOW HITPOINT WARNING * * *
The centaur zombie kicks you but does no damage.
The howler monkey zombie hits you but does no damage.
The wyvern skeleton bites you!
You die...

#............# #.#.....#####.#
#............# #.#.........#.#
#............# #.#.##..##.##.#
############## #........#.##.#
##############.###......(####
#.......#....................
##.#####.#....)........######.
#...........Z..........### ##.
########.#..Z@Z..........# #..
#####....#.......#######)# #..
#.......<#.......#.#.#.#.# #..
#........#.......#.....#.# #..
#........#.......'....##.# #..
#####...##.......'...$.#.# ###
#...##.......'...$##.#
#...##.......#.....#.#
#...##...)...#.#.#.#.# ##


You could see a centaur zombie, a howler monkey zombie and a wyvern skeleton.

Vanquished Creatures
  A black bear (D:3)
  The ghost of DECONJ the Conjurer, a weakling DECj of Kikubaaqudgha (D:2)
  An orc priest (D:3)
  2 orc wizards (D:3)
  3 dart slugs
  5 orcs (D:3)
  11 ball pythons
  3 endoplasms
  4 giant cockroaches
  3 goblins (D:2)
  4 hobgoblins
  4 jackals (D:2)
  3 quokkas
  7 bats
  A frilled lizard (D:1)
  8 kobolds
  5 rats
66 creatures vanquished.

Notes
Turn   | Place    | Note
-------+----------+-------------------------------------------
     0 | D:1      | theswoord the Demonspawn Gladiator began the quest for the
                  | Orb.
     0 | D:1      | Reached XP level 1. HP: 16/16 MP: 1/1
   127 | D:1      | Reached skill level 3 in Staves
   229 | D:1      | Discovered your monstrous ancestry.
   229 | D:1      | Gained mutation: You have a pair of small antennae on your
                  | head. [demonic ancestry]
   229 | D:1      | Reached XP level 2. HP: 14/22 MP: 2/2
  1039 | D:2      | Gained mutation: Your touch may inflict minor irresistible
                  | damage on your foes. [demonic ancestry]
  1039 | D:2      | Reached XP level 3. HP: 25/27 MP: 3/3
  1167 | D:2      | Found a radiant altar of Vehumet.
  1212 | D:2      | Reached skill level 4 in Staves
  1637 | D:2      | Found a faded altar of an unknown god.
  2099 | D:3      | Found a runed translucent gate.
  2099 | D:3      | Found a runed translucent gate.
  2099 | D:3      | Found a runed translucent gate.
  2329 | D:3      | Reached XP level 4. HP: 19/33 MP: 4/4
  2345 | D:3      | Reached skill level 5 in Staves
  2677 | D:3      | Noticed a black bear
  2689 | D:3      | Gained mutation: You have large cloven feet. [demonic
                  | ancestry]
  2689 | D:3      | Reached XP level 5. HP: 38/38 MP: 5/5
  2704 | D:3      | Killed a black bear
  2705 | D:3      | Reached skill level 6 in Staves
  2801 | D:3      | Noticed a fire elemental
  2807 | D:3      | Found a stormy altar of Qazlal.
  2812 | D:3      | Noticed a water elemental
  2813 | D:3      | Noticed an air elemental
  2930 | D:3      | Noticed DECONJ's ghost (weakling DECj)
  2975 | D:3      | Became a worshipper of Qazlal Stormbringer
  3036 | D:2      | Killed DECONJ's ghost
  3037 | D:2      | Reached XP level 6. HP: 22/44 MP: 6/6
  3199 | D:3      | Mangled by a wyvern skeleton

Skill      XL: |  1  2  3  4  5 |
---------------+----------------+-----
Staves         | 3 4 5 6 |  6.2
Fighting       | |  2.0
Throwing       | |  1.7
Dodging        | |  2.6

Action                   |  1- 3 |  4- 6 || total
-------------------------+-------+-------++-------
Melee: Quarterstaff      |   142 |    71 ||   213
       Kick              |       |     4 ||     4
  Use: Potion            |     1 |     3 ||     4
Armor: Leather armour    |    11 |       ||    11
       Chain mail        |   109 |    57 ||   166
       Skin              |       |    26 ||    26
Dodge: Dodged            |    50 |    30 ||    80

Levels and vault maps discovered:
D:1:      eino_arrival_cavern_b, layout_rooms, serial_curves, eino_curves_01,
          eino_curves_02, hangedman_decor_points, minmay_distorted
D:2:      layout_basic, nicolae_ecumenical_snake_handling, basic_altar,
          dreamdust_princess_bridge
D:3:      layout_basic, nicolae_qazlal_style_of_elements,
          gammafunk_ghost_necromancy, minmay_statues_item
